[Event "Titled Tuesday Blitz August 17 2021"]
[White "Sarana, Alexey"]
[Black "TengisChess"]
[WhiteFideId "24133795"]
[WhiteElo "2646"]
[BlackElo "2468"]
[Result "1-0"]
[Round "01"]
[TimeControl "180+1"]
[Date "2021.08.17"]
[WhiteClock "0:00:11"]
[BlackClock "0:00:05"]

1. e4 c6 2. d4 d5 3. Nc3 dxe4 4. Nxe4 Nf6 5. Nxf6+ gxf6 6. Nf3 h5 7. c3 h4 8. h3 Bf5 9. Bf4 e6 10. Qb3 Qb6 11. Bc4 Nd7 12. a4 Qxb3 13. Bxb3 a5 14. O-O-O Bh6 15. Be3 Ke7 16. Rh2 Rag8 17. Re1 Bxe3+ 18. Rxe3 Kd8 19. Kd2 c5 20. Bc4 cxd4 21. Nxd4 Bh7 22. g4 hxg3 23. fxg3 Nc5 24. Ke1 Nxa4 25. Rd2 Kc7 26. Nb5+ Kb8 27. Nd6 Bg6 28. g4 Nc5 29. b4 axb4 30. cxb4 Na4 31. Bf1 Nb6 32. Bg2 Rd8 33. Ree2 Rd7 34. Nb5 Rhd8 35. Rxd7 Rxd7 36. Rb2 Nc4 37. Ra2 Ne5 38. Ra4 Bc2 39. Ra2 Bb3 40. Ra3 Bc4 41. Nc3 Nd3+ 42. Ke2 Nxb4+ 43. Kf2 Rd2+ 44. Kg1 Nd3 45. Ne4 Rd1+ 46. Kh2 b5 47. Nd6 Rd2 48. Kg3 Kc7 49. Ne4 Bd5 50. Nxd2 Nc5 51. Bxd5 exd5 52. Ra7+ Kd6 53. h4 b4 54. h5 b3 55. h6 b2 56. Kh4 Ne4 57. Nb1 Ng5 58. Kh5 Ke6 59. Rb7 d4 60. Rxb2 Ke5 61. Nd2 d3 62. Rb5+ Kd4 63. Rxg5 fxg5 64. h7 Ke3 65. Nc4+ Kf3 66. h8=Q f5 67. Qf6 Kg3 68. Qxf5 d2 69. Nxd2 Kh3 70. Qf3+ Kh2 71. Qf2+ Kh3 72. Qf1+ Kh2 73. Nf3+ Kg3 74. Ne1 Kh2 75. Qg2# 1-0


[Site "https://www.chess.com"]

[Event "Titled Tuesday Blitz August 17 2021"]
[White "Seletsky, Grigory"]
[Black "Rodriguez Hernandez, Luis Daniel"]
[WhiteFideId "14112191"]
[BlackFideId "3506770"]
[WhiteElo "2492"]
[BlackElo "2133"]
[Result "0-1"]
[Round "01"]
[TimeControl "180+1"]
[Date "2021.08.17"]
[WhiteClock "0:00:01"]
[BlackClock "0:00:10"]

1. d4 Nf6 2. c3 g6 3. Bf4 Bg7 4. h3 O-O 5. e3 d6 6. Nf3 Nc6 7. Bh2 Bf5 8. Bd3 Bxd3 9. Qxd3 Re8 10. O-O e5 11. Qc2 e4 12. Nfd2 Qd7 13. a3 Qf5 14. c4 h5 15. Nc3 Rad8 16. b4 Rd7 17. b5 Nd8 18. a4 Rde7 19. Nb3 Ne6 20. Rad1 Ng5 21. Kh1 Nxh3 22. gxh3 Qxh3 23. Rg1 Ng4 24. Rg2 c6 25. Ne2 Qf3 26. Ng1 Nxf2+ 27. Qxf2 Qxd1 28. Nd2 Bxd4 29. exd4 e3 30. Qf6 exd2 31. Bxd6 Re6 32. Qf4 Re2 33. Rg5 Re1 34. Be5 R8xe5 35. dxe5 Qc2 36. Qf6 d1=Q 37. e6 Qe4+ 38. Kh2 Qd2+ 39. Kh3 Re3+ 40. Rg3 Qdg2# 0-1


[Site "https://www.chess.com"]

[Event "Titled Tuesday Blitz August 17 2021"]
[White "Sengupta, Deep"]
[Black "Klyashtorny, Vladislav"]
[WhiteFideId "5008352"]
[BlackFideId "4170938"]
[WhiteElo "2347"]
[BlackElo "2295"]
[Result "1/2-1/2"]
[Round "01"]
[TimeControl "180+1"]
[Date "2021.08.18"]
[WhiteClock "0:00:05"]
[BlackClock "0:00:27"]

1. d4 d5 2. c4 c6 3. Nf3 Nf6 4. Nc3 a6 5. e3 g6 6. c5 Bg7 7. Bd3 O-O 8. O-O Re8 9. Ne5 Nfd7 10. f4 b6 11. cxb6 Qxb6 12. Na4 Qc7 13. b3 c5 14. Bb2 cxd4 15. exd4 Nxe5 16. fxe5 Nd7 17. Rc1 Qb7 18. Kh1 f5 19. Rf2 Nb6 20. Nc5 Qa7 21. e6 Bb7 22. Re2 Nc8 23. Rec2 Nd6 24. Qf3 Ne4 25. h3 Rac8 26. Qe3 Rc6 27. Nxe4 Rxc2 28. Rxc2 dxe4 29. Bc4 Rd8 30. Rd2 Bd5 31. Qe2 a5 32. a4 Qb7 33. Ba3 Bf6 34. Bc5 Qc6 35. Bxd5 Qxd5 36. Qc4 e3 37. Re2 Qxc4 38. bxc4 Bxd4 39. Bxe7 Re8 40. Bd6 Rxe6 41. c5 f4 42. Kg1 g5 43. Kf1 Kf7 44. Rc2 Be5 45. Bxe5 Rxe5 46. c6 Re8 47. Rc5 h6 48. Rxa5 Rc8 49. Rc5 Ke6 50. a5 Kd6 51. Rc1 Rxc6 52. Rd1+ Ke5 53. Ra1 Ra6 54. Ke2 Kd4 55. Kf3 Kc3 56. h4 Kb2 57. Ra4 Kb3 58. Ra1 Kb4 59. hxg5 hxg5 60. g3 Rxa5 61. Re1 Kc3 62. gxf4 gxf4 63. Kxf4 Kd2 64. Rxe3 Ra8 65. Re5 Rf8+ 66. Rf5 Rxf5+ 67. Kxf5 1/2-1/2


[Site "https://www.chess.com"]

[Event "Titled Tuesday Blitz August 17 2021"]
[White "Serikbay, Assel"]
[Black "Sychev, Klementy"]
[WhiteFideId "13706799"]
[BlackFideId "4114060"]
[WhiteElo "2044"]
[BlackElo "2615"]
[Result "0-1"]
[Round "01"]
[TimeControl "180+1"]
[Date "2021.08.17"]
[WhiteClock "0:00:09"]
[BlackClock "0:01:24"]

1. d4 Nf6 2. c4 e6 3. g3 c6 4. Bg2 d5 5. Nf3 Be7 6. O-O O-O 7. Qc2 b6 8. Nbd2 a5 9. e4 Na6 10. a3 Bb7 11. Rd1 Rc8 12. b3 c5 13. exd5 exd5 14. Bb2 Re8 15. Rac1 Nc7 16. Nf1 Ne6 17. Qb1 cxd4 18. Nxd4 Nxd4 19. Bxd4 Bxa3 20. Rc2 Bc5 21. Bxf6 Qxf6 22. cxd5 Re5 23. Qc1 Bxf2+ 24. Kh1 Rxc2 25. Qxc2 Bc5 26. Nd2 Rxd5 27. Qe4 Rxd2 28. Qe8+ Bf8 0-1


[Site "https://www.chess.com"]

[Event "Titled Tuesday Blitz August 17 2021"]
[White "Shahade, Gregory"]
[Black "Richter, Nils"]
[WhiteFideId "2009064"]
[BlackFideId "12990809"]
[WhiteElo "2716"]
[BlackElo "2289"]
[Result "1-0"]
[Round "01"]
[TimeControl "180+1"]
[Date "2021.08.17"]
[WhiteClock "0:00:11"]
[BlackClock "0:00:03"]

1. e4 c5 2. Nf3 d6 3. d4 cxd4 4. Nxd4 Nf6 5. Nc3 a6 6. Be3 e5 7. Nb3 Be6 8. f3 h5 9. Nd5 Nbd7 10. c4 Bxd5 11. cxd5 g6 12. Qd2 Bg7 13. Be2 O-O 14. O-O Nh7 15. Qb4 Qb8 16. Na5 Nc5 17. Bxc5 dxc5 18. Qxb7 Qxb7 19. Nxb7 Rfb8 20. Nxc5 Rxb2 21. Bxa6 Bf8 22. Nd3 Rd2 23. Bb5 Raxa2 24. Rxa2 Rxa2 25. Nxe5 Bc5+ 26. Kh1 Nf6 27. d6 Bxd6 28. Nxf7 Bf4 29. Ng5 Rc2 30. Ne6 Be5 31. Rd1 h4 32. Ng5 Nh5 33. Ba4 Rb2 34. Bc6 Nf4 35. Bd5+ Kg7 36. Ne6+ Nxe6 37. Bxe6 Kf6 38. Bd5 h3 39. g3 g5 40. Rf1 Bc7 41. f4 gxf4 42. gxf4 Rd2 43. e5+ Kf5 44. Bb7 Rd4 45. Bc8+ Ke4 46. Bxh3 Ke3 47. e6 Bd6 48. f5 Rd2 49. Re1+ Kf2 50. Rf1+ Ke3 51. Bg2 Rf2 52. Rxf2 Kxf2 53. f6 1-0


[Site "https://www.chess.com"]

[Event "Titled Tuesday Blitz August 17 2021"]
[White "Shapiro, David"]
[Black "Jaiswal, Rupesh"]
[WhiteFideId "24133523"]
[BlackFideId "12300870"]
[WhiteElo "2234"]
[BlackElo "2114"]
[Result "1-0"]
[Round "01"]
[TimeControl "180+1"]
[Date "2021.08.18"]
[WhiteClock "0:00:05"]
[BlackClock "0:00:09"]

1. d4 Nf6 2. c4 g6 3. Nc3 Bg7 4. e4 d6 5. Bd3 O-O 6. Nge2 c5 7. d5 a6 8. a4 e6 9. O-O exd5 10. exd5 Nbd7 11. b3 Re8 12. Bb2 Ne5 13. Bc2 Qb6 14. a5 Qc7 15. h3 Bf5 16. Bxf5 gxf5 17. Ng3 f4 18. Nf5 f3 19. g3 Qd7 20. Qc2 Bh8 21. Kh2 Ng6 22. Na4 Re2 23. Qd3 Rae8 24. Qxf3 Qd8 25. Ne3 Rxb2 26. Nxb2 Ne4 27. Nd3 Nd2 28. Qg4 Nxf1+ 29. Rxf1 Qc8 30. Qxc8 Rxc8 31. Nf5 Rd8 32. Re1 Bf6 33. g4 Bc3 34. Re4 Bxa5 35. Nf4 Kf8 36. Nh5 Bc3 37. f4 b5 38. g5 b4 39. Nh6 a5 40. f5 Be5+ 41. Kg2 Ne7 42. f6 Ng6 43. Ng4 a4 44. bxa4 Ra8 45. Nxe5 Nxe5 46. Ng3 Rxa4 47. Nf5 Ra6 48. Re2 b3 49. Rb2 Rb6 50. Ne3 Rb4 51. Kf2 Ke8 52. Ke2 Kd7 53. Kd2 Kc7 54. Kc3 Kb6 55. Rxb3 Rxb3+ 56. Kxb3 Nf3 57. Nf5 Kc7 58. h4 Kd7 59. Kc3 Ne5 60. Ne3 Nf3 61. Nf5 Ne5 62. Nh6 Ke8 63. Kb3 Nf3 64. Nf5 Kd7 65. Ka4 Ne5 66. Kb5 Ng6 67. h5 Ne5 68. Nh6 Ke8 69. Nf5 Kd7 70. Ne3 Ke8 71. Kb6 Kd7 72. Kb7 Kd8 73. Nf5 Kd7 74. Nh6 Ke8 75. Kc7 Nxc4 76. Nf5 Kf8 77. Nxd6 Nxd6 78. Kxd6 c4 79. Ke5 c3 80. d6 c2 81. d7 c1=Q 82. d8=Q# 1-0


[Site "https://www.chess.com"]

[Event "Titled Tuesday Blitz August 17 2021"]
[White "Shimanov, Aleksandr"]
[Black "Yirik, Volkan"]
[WhiteFideId "4198603"]
[BlackFideId "6300782"]
[WhiteElo "2596"]
[BlackElo "2421"]
[Result "1-0"]
[Round "01"]
[TimeControl "180+1"]
[Date "2021.08.17"]
[WhiteClock "0:02:30"]
[BlackClock "0:02:41"]

1. b3 d5 2. Bb2 c6 3. Nf3 Bg4 4. e3 Nf6 5. h3 Bxf3 6. Qxf3 Nbd7 7. d4 e6 8. Nd2 Bd6 9. Bd3 Qc7 10. O-O e5 11. e4 O-O-O 12. exd5 cxd5 13. dxe5 Nxe5 14. Qf5+ Qd7 15. Bxe5 Bxe5 16. Qxe5 1-0


[Site "https://www.chess.com"]

[Event "Titled Tuesday Blitz August 17 2021"]
[White "Shlyakhetsky, Vladimir"]
[Black "Spyropoulos, Nikolaos"]
[WhiteFideId "2805928"]
[BlackFideId "4298977"]
[WhiteElo "2168"]
[BlackElo "2159"]
[Result "1-0"]
[Round "01"]
[TimeControl "180+1"]
[Date "2021.08.18"]
[WhiteClock "0:00:11"]
[BlackClock "0:00:06"]

1. d4 Nf6 2. Nf3 e6 3. g3 b5 4. Bg2 Bb7 5. O-O c5 6. a4 b4 7. dxc5 Bxc5 8. c4 bxc3 9. Nxc3 O-O 10. Bf4 d5 11. Rc1 Na6 12. Nb5 Rc8 13. Ne5 Nb4 14. Nd3 Nxd3 15. Qxd3 Qb6 16. Bc7 Rxc7 17. Nxc7 Qxc7 18. b4 Bxf2+ 19. Kxf2 Qb6+ 20. e3 Ng4+ 21. Kg1 Qxb4 22. Qd4 Qxd4 23. exd4 Ne3 24. Rfe1 Nc4 25. Bf1 Rc8 26. Rb1 Bc6 27. Rec1 g6 28. Bxc4 dxc4 29. Rxc4 Kf8 30. Rbc1 Rd8 31. Rxc6 Rxd4 32. Rc8+ Kg7 33. R8c4 Rd2 34. Rc7 e5 35. Rxa7 e4 36. Rf1 Kh6 37. Raxf7 e3 38. Re7 Rd4 39. Rxe3 Rxa4 40. Rfe1 Ra2 41. R3e2 Ra3 42. Re4 Kg5 43. Rf1 Ra5 44. Rh4 h6 45. Rhf4 Kh5 46. Kg2 Ra2+ 47. R1f2 Ra3 48. Rh4+ Kg5 49. Rb4 Kh5 50. Rb6 g5 51. Rff6 Ra2+ 52. Kg1 Kg4 53. Rb1 h5 54. Rf2 Ra4 55. Kg2 h4 56. h3+ Kh5 57. g4+ Kg6 58. Rb6+ Kg7 59. Rc2 Ra2 60. Rxa2 1-0


[Site "https://www.chess.com"]

[Event "Titled Tuesday Blitz August 17 2021"]
[White "Silva, Miguel Antonio Neto"]
[Black "Onyshchuk, Volodymyr"]
[WhiteFideId "1911929"]
[BlackFideId "14114038"]
[WhiteElo "2283"]
[BlackElo "2603"]
[Result "0-1"]
[Round "01"]
[TimeControl "180+1"]
[Date "2021.08.17"]
[WhiteClock "0:00:14"]
[BlackClock "0:00:28"]

1. e4 e5 2. Nf3 Nc6 3. Bb5 Nf6 4. O-O Nxe4 5. d4 Nd6 6. dxe5 Nxb5 7. a4 Nbd4 8. Nxd4 d5 9. exd6 Bxd6 10. Re1+ Be7 11. Nxc6 Qxd1 12. Rxd1 bxc6 13. Bf4 Bf5 14. Rd2 Rb8 15. c3 Rb7 16. Na3 Be6 17. Be5 f6 18. Bd4 Kf7 19. a5 c5 20. Be3 Rhb8 21. Rb1 Rb3 22. Nc2 Rxb2 23. Rxb2 Rxb2 24. f3 Ra2 25. Ne1 Rxa5 26. Nd3 g5 27. Kf2 c4 28. Nb4 Bxb4 29. cxb4 Ra3 30. Rc2 a6 31. Bd4 c6 32. g4 Kg6 33. Rd2 Bd5 34. Be3 c3 35. Rc2 Rb3 36. Bd4 Rxb4 37. Ke3 Rb1 38. Rxc3 Rf1 39. Ke2 Rh1 40. Bf2 Rxh2 41. Kf1 h5 42. Kg1 Rh3 43. gxh5+ Kxh5 44. Kg2 g4 45. Rd3 Bxf3+ 46. Kg1 Rh1# 0-1


[Site "https://www.chess.com"]

[Event "Titled Tuesday Blitz August 17 2021"]
[White "Siva Mahadevan"]
[Black "Martin Carmona, Gaston Manuel"]
[WhiteFideId "25043153"]
[BlackFideId "22284567"]
[WhiteElo "2203"]
[BlackElo "2161"]
[Result "0-1"]
[Round "01"]
[TimeControl "180+1"]
[Date "2021.08.17"]
[WhiteClock "0:00:03"]
[BlackClock "0:00:21"]

1. e4 e5 2. Nf3 Nc6 3. Bb5 Nf6 4. d3 Bc5 5. Bxc6 dxc6 6. Nbd2 Be6 7. O-O Nd7 8. Nb3 Bb6 9. Ng5 Bxb3 10. axb3 f6 11. Nf3 Nf8 12. Nh4 Qd7 13. Kh1 Ne6 14. Be3 Bd4 15. c3 Bb6 16. Qg4 O-O 17. Rad1 Qf7 18. Nf5 Kh8 19. d4 exd4 20. cxd4 Rad8 21. Rd3 Rfe8 22. Rfd1 Nf8 23. Bc1 Qd7 24. Rg3 g6 25. Bh6 Qe6 26. Bg7+ Kg8 27. Bxf8 Kxf8 28. Qh4 Rd7 29. Qh6+ Kg8 30. Qf4 Qxe4 31. Nh6+ Kg7 32. Qc1 Rxd4 33. Rf1 Qf4 34. Qxf4 Rxf4 35. Ng4 h5 0-1


[Site "https://www.chess.com"]

[Event "Titled Tuesday Blitz August 17 2021"]
[White "Slavin, Alexey"]
[Black "Noritsyn, Nikolay"]
[WhiteFideId "24104388"]
[BlackFideId "2604922"]
[WhiteElo "2262"]
[BlackElo "2527"]
[Result "0-1"]
[Round "01"]
[TimeControl "180+1"]
[Date "2021.08.17"]
[WhiteClock "0:00:13"]
[BlackClock "0:00:56"]

1. e4 c5 2. g3 d5 3. exd5 Qxd5 4. Qf3 Qd6 5. Nc3 Nc6 6. Bg2 Nh6 7. h3 Nf5 8. d3 Nfd4 9. Qd1 e6 10. Ne4 Qd8 11. c3 Nf5 12. Ne2 Be7 13. O-O O-O 14. Qc2 Re8 15. Bd2 Bf8 16. Rad1 Qc7 17. Rfe1 b6 18. Bf4 e5 19. Bc1 Bb7 20. a3 Nce7 21. Ng5 Bxg2 22. Kxg2 h6 23. Ne4 Rad8 24. Kh2 Ng6 25. Ng1 Nfe7 26. Nf3 Nc6 27. Be3 f5 28. Ned2 Qf7 29. Nf1 f4 30. gxf4 Nxf4 31. Ng1 Bd6 32. Ng3 Bc7 33. Ne4 Re6 34. Ne2 Qh5 35. Nxf4 exf4 36. Bc1 Rde8 37. Kh1 Qxh3+ 38. Kg1 f3 39. Ng3 Qg2# 0-1


[Site "https://www.chess.com"]

[Event "Titled Tuesday Blitz August 17 2021"]
[White "Sliwicki, Damian"]
[Black "Le, Tuan Minh"]
[WhiteFideId "1127128"]
[BlackFideId "12401153"]
[WhiteElo "2142"]
[BlackElo "2450"]
[Result "0-1"]
[Round "01"]
[TimeControl "180+1"]
[Date "2021.08.17"]
[WhiteClock "0:00:11"]
[BlackClock "0:00:49"]

1. e4 c5 2. Nf3 Nf6 3. Nc3 d5 4. e5 Nfd7 5. Nxd5 Nxe5 6. Nxe5 Qxd5 7. Bb5+ Nd7 8. Nxd7 Bxd7 9. Bxd7+ Qxd7 10. O-O g6 11. d3 Bg7 12. Qf3 O-O 13. Be3 b6 14. Rab1 Rac8 15. h3 Rfe8 16. Rfe1 Qa4 17. Qe2 Qxa2 18. Ra1 Qxb2 19. Rxa7 Qf6 20. Qg4 Qc6 21. Bf4 e6 22. Be5 Bxe5 23. Rxe5 Ra8 24. Rxa8 Rxa8 25. Re1 Qd6 26. g3 Ra2 27. Re2 Qd5 28. f3 b5 29. Kg2 b4 30. Qf4 b3 31. Qb8+ Kg7 32. Re5 Rxc2+ 33. Kg1 Qxf3 0-1


[Site "https://www.chess.com"]

[Event "Titled Tuesday Blitz August 17 2021"]
[White "Sokolovsky, Yahli"]
[Black "Obregon, Andres Carlos"]
[WhiteFideId "2820242"]
[BlackFideId "111724"]
[WhiteElo "1770"]
[BlackElo "2572"]
[Result "0-1"]
[Round "01"]
[TimeControl "180+1"]
[Date "2021.08.17"]
[WhiteClock "0:00:02"]
[BlackClock "0:01:37"]

1. b3 e5 2. Bb2 Nc6 3. e3 Nf6 4. Bb5 Bd6 5. Na3 Na5 6. Be2 a6 7. c4 O-O 8. d4 exd4 9. exd4 Bb4+ 10. Kf1 d5 11. Nc2 Be7 12. c5 Nc6 13. g3 Ne4 14. f3 Ng5 15. h4 Ne6 16. Kg2 Bf6 17. Rb1 Re8 18. f4 Nexd4 19. Nxd4 Bxd4 20. Bxd4 Bf5 21. Rc1 Nxd4 22. Qxd4 Re4 23. Qd2 Qe7 24. Bf3 Re3 25. Ne2 Rd3 26. Qe1 Re8 27. Nc3 Qd7 28. Qf2 d4 29. Ne2 Rxf3 30. Kxf3 Be4# 0-1


[Site "https://www.chess.com"]

[Event "Titled Tuesday Blitz August 17 2021"]
[White "Solon, Nathan"]
[Black "Tsyhanchuk, Stanislav"]
[WhiteFideId "2017229"]
[BlackFideId "13505130"]
[WhiteElo "2689"]
[BlackElo "2121"]
[Result "1-0"]
[Round "01"]
[TimeControl "180+1"]
[Date "2021.08.17"]
[WhiteClock "0:01:10"]
[BlackClock "0:00:02"]

1. d4 Nf6 2. Bg5 Ne4 3. Bf4 d5 4. e3 Bf5 5. c4 e6 6. Qb3 b6 7. Nc3 Nxc3 8. bxc3 dxc4 9. Bxc4 Bd6 10. Bg3 O-O 11. Nf3 Nd7 12. O-O Nf6 13. Bh4 Be7 14. Ne5 Be4 15. f3 Bd5 16. e4 Bxc4 17. Qxc4 Qc8 18. Nc6 Re8 19. Nxe7+ Rxe7 20. e5 Nd5 21. Bxe7 Nxe7 22. a4 c5 23. a5 Nd5 24. axb6 axb6 25. Rfb1 cxd4 26. Qxc8+ Rxc8 27. cxd4 Rc4 28. Ra8+ 1-0


[Site "https://www.chess.com"]

[Event "Titled Tuesday Blitz August 17 2021"]
[White "Steinberg, Nitzan"]
[Black "Quinones Garcia, Santiago"]
[WhiteFideId "2801795"]
[BlackFideId "4408497"]
[WhiteElo "2440"]
[BlackElo "2187"]
[Result "1/2-1/2"]
[Round "01"]
[TimeControl "180+1"]
[Date "2021.08.17"]
[WhiteClock "0:00:42"]
[BlackClock "0:00:14"]

1. e4 c5 2. Nf3 g6 3. d4 cxd4 4. Nxd4 Nc6 5. Nc3 Bg7 6. Be3 Nf6 7. Bc4 O-O 8. Bb3 d6 9. h3 Bd7 10. O-O Nxd4 11. Bxd4 Bc6 12. Qe2 a5 13. a4 e5 14. Be3 Nxe4 15. Nd5 Nc5 16. Bxc5 dxc5 17. Rad1 Bxd5 18. Rxd5 Qc7 19. Rfd1 Rad8 20. Qb5 Rxd5 21. Rxd5 b6 22. Rd7 Qb8 23. Bd5 e4 24. Bxe4 Qf4 25. Bd5 Bd4 26. Qe2 Bxb2 27. g3 Qf5 28. Bc6 Bd4 29. Kg2 Kg7 30. h4 Rc8 31. Bb5 Re8 32. Qxe8 Qxf2+ 33. Kh3 Qf5+ 34. Kg2 Qf2+ 35. Kh3 Qf5+ 36. Kg2 Qf2+ 1/2-1/2


[Site "https://www.chess.com"]

[Event "Titled Tuesday Blitz August 17 2021"]
[White "Taboas Rodriguez, Daniel"]
[Black "Krzywda, Andrzej"]
[WhiteFideId "2208466"]
[BlackFideId "1114565"]
[WhiteElo "2429"]
[BlackElo "2100"]
[Result "1-0"]
[Round "01"]
[TimeControl "180+1"]
[Date "2021.08.18"]
[WhiteClock "0:01:09"]
[BlackClock "0:00:03"]

1. d4 Nf6 2. Nf3 c5 3. d5 b5 4. c4 b4 5. Bg5 d6 6. Nbd2 g6 7. e4 Bg7 8. Bd3 O-O 9. O-O a5 10. Qc2 Ra7 11. Rae1 e5 12. dxe6 Bxe6 13. e5 dxe5 14. Nxe5 Qc8 15. Ndf3 Nfd7 16. Bf4 Nc6 17. Nxc6 Qxc6 18. Be4 Qc8 19. Ng5 Re8 20. b3 Nf6 21. Nxe6 Qxe6 22. f3 Nxe4 23. Rxe4 Bd4+ 24. Kh1 Qc8 25. Rfe1 Rd8 26. Bh6 Qc6 27. Qe2 Raa8 28. Re7 Bg7 29. Bxg7 Kxg7 30. Qe5+ Kg8 31. h4 h5 32. Qg5 Rf8 33. R1e6 Qxe6 34. Rxe6 fxe6 35. Qxg6+ Kh8 36. Qh6+ Kg8 37. Qxe6+ Kg7 38. Qe5+ Kg6 39. Qg5+ Kh7 40. Qxh5+ Kg7 41. Qg5+ Kh7 42. Qxc5 Rad8 43. Qxa5 Rd2 44. Qxb4 Rfd8 45. Qe7+ Kg8 46. h5 R8d7 47. Qg5+ Kh7 48. Kh2 Kh8 49. Kh3 Rg7 50. Qxd2 1-0


[Site "https://www.chess.com"]

[Event "Titled Tuesday Blitz August 17 2021"]
[White "Tang, Andrew"]
[Black "Volkov, Maksim"]
[WhiteFideId "2059630"]
[BlackFideId "54123070"]
[WhiteElo "2588"]
[BlackElo "2113"]
[Result "1-0"]
[Round "01"]
[TimeControl "180+1"]
[Date "2021.08.17"]
[WhiteClock "0:00:05"]
[BlackClock "0:00:14"]

1. a4 d5 2. Ra3 e5 3. Rg3 Nf6 4. b3 Ne4 5. Rf3 Bg4 6. Bb2 Bxf3 7. gxf3 Nd6 8. Bxe5 Nd7 9. Bb2 f6 10. Bh3 Qe7 11. a5 g6 12. e3 Bg7 13. Ne2 f5 14. Nbc3 c6 15. d4 O-O 16. Ba3 Rae8 17. Qd3 Nb8 18. Nf4 Bh6 19. Nce2 Rf6 20. Rg1 Qd8 21. Bb4 Na6 22. Bd2 Kh8 23. Kf1 Rf7 24. c4 Nc7 25. Bb4 Na6 26. Bc3 Nc7 27. a6 bxa6 28. Bb4 Nc8 29. Qb1 Bf8 30. Ba5 Qd6 31. Qa1 Ne6 32. Nxe6 Qxe6 33. Nf4 Qd7 34. Rg2 Bd6 35. Nd3 Qb7 36. Qc3 Kg8 37. f4 Qe7 38. Rg3 Qh4 39. Bg2 Qf6 40. cxd5 Nb6 41. dxc6 Rc7 42. Ne5 Bxe5 43. fxe5 Qe7 44. Bb4 Qe6 45. Bd6 Rcc8 46. e4 fxe4 47. Bxe4 Kg7 48. h4 Nd5 49. Qd2 Rxc6 50. Ba3 Rc7 51. h5 Ne7 52. hxg6 Nxg6 53. Qg5 Rf7 54. Bd6 Rc8 55. d5 Qd7 56. Bxg6 Qb5+ 57. Bd3+ 1-0


[Site "https://www.chess.com"]

[Event "Titled Tuesday Blitz August 17 2021"]
[White "Tarasova, Viktoriya"]
[Black "Stoyanov, Tsvetan"]
[WhiteFideId "4175840"]
[BlackFideId "2917173"]
[WhiteElo "2182"]
[BlackElo "2191"]
[Result "0-1"]
[Round "01"]
[TimeControl "180+1"]
[Date "2021.08.18"]
[WhiteClock "0:00:19"]
[BlackClock "0:00:17"]

1. d4 Nf6 2. c4 e6 3. Nc3 d5 4. cxd5 Nxd5 5. e4 Nxc3 6. bxc3 c5 7. Rb1 cxd4 8. cxd4 Be7 9. Nf3 O-O 10. Bb5 a6 11. Ba4 b5 12. Bc2 Bb7 13. O-O Nd7 14. Bf4 Rc8 15. a4 b4 16. d5 exd5 17. exd5 Bc5 18. Bf5 g6 19. Bh3 f5 20. Ng5 Qf6 21. Ne6 Rfe8 22. Re1 a5 23. Qd2 Bb6 24. Bg5 Qc3 25. Qd1 Qc2 26. Qf3 Rc3 27. Be3 Bxe3 28. fxe3 Rxe6 29. dxe6 Bxf3 30. exd7 Rd3 31. Rbc1 Qd2 32. gxf3 Rxd7 33. Bf1 Kg7 34. Bc4 Rc7 35. Red1 Qxe3+ 36. Kg2 Rxc4 37. Rd7+ Kh6 38. Rxc4 Qe2+ 39. Kg3 Qxc4 0-1


[Site "https://www.chess.com"]

[Event "Titled Tuesday Blitz August 17 2021"]
[White "Tari, Aryan"]
[Black "Roman, Rodrigo"]
[WhiteFideId "1510045"]
[BlackFideId "3701220"]
[WhiteElo "2656"]
[BlackElo "2043"]
[Result "1/2-1/2"]
[Round "01"]
[TimeControl "180+1"]
[Date "2021.08.17"]
[WhiteClock "0:00:07"]
[BlackClock "0:00:06"]

1. d4 a6 2. h4 b5 3. h5 Bb7 4. Nf3 h6 5. Bf4 Nf6 6. e3 e6 7. Nbd2 d5 8. Ne5 Nbd7 9. Ndf3 Be7 10. Bd3 c5 11. c3 c4 12. Bc2 a5 13. g4 Nxe5 14. Nxe5 Nd7 15. Qf3 Bf6 16. Nxd7 Qxd7 17. Qg3 Qe7 18. a3 Bc6 19. Bd6 Qd8 20. O-O Bh4 21. Qh2 Be7 22. Bxe7 Qxe7 23. f4 f6 24. Bg6+ Kd7 25. e4 dxe4 26. Rae1 Qd6 27. Bxe4 Rhe8 28. Re3 Re7 29. Rfe1 Bxe4 30. Rxe4 Rae8 31. Qc2 Qc6 32. Qe2 Qd5 33. Kh2 Kd6 34. Kg3 Kd7 35. Qf3 a4 36. f5 Qd6+ 37. Kg2 exf5 38. Qxf5+ Kd8 39. Rxe7 Rxe7 40. Rxe7 Qxe7 41. Kf2 Qb7 42. Qf3 Qb8 43. Qd5+ Ke7 44. Kf3 Qh2 45. Qxb5 Qh3+ 46. Kf4 Qh2+ 47. Ke4 Qg2+ 48. Ke3 Qg3+ 49. Kd2 Qf4+ 50. Ke1 Qe3+ 51. Kd1 Qd3+ 52. Kc1 Qf1+ 53. Kd2 Qd3+ 54. Ke1 Qe3+ 55. Kf1 Qf3+ 56. Kg1 Qg3+ 57. Kf1 Qf3+ 58. Ke1 Qe3+ 1/2-1/2


[Site "https://www.chess.com"]

[Event "Titled Tuesday Blitz August 17 2021"]
[White "Temirkanov, David"]
[Black "Wagner, Dennis"]
[WhiteFideId "4168534"]
[BlackFideId "24650684"]
[WhiteElo "2125"]
[BlackElo "2355"]
[Result "0-1"]
[Round "01"]
[TimeControl "180+1"]
[Date "2021.08.17"]
[WhiteClock "0:00:25"]
[BlackClock "0:01:09"]

1. e4 c5 2. Nf3 d6 3. d4 cxd4 4. Qxd4 Nf6 5. Nc3 Nc6 6. Bb5 Bd7 7. Bxc6 Bxc6 8. Bg5 e6 9. O-O-O Be7 10. Rhe1 Qa5 11. Qd2 h6 12. Bf4 e5 13. Bg3 Rc8 14. Kb1 b5 15. Nd5 Qxd2 16. Nxf6+ Bxf6 17. Rxd2 Be7 18. Nh4 g6 19. Nf3 f6 20. Ng1 Kf7 21. f3 Ke6 22. Ne2 b4 23. Nc1 a5 24. Nd3 h5 25. Red1 h4 26. Bf2 f5 27. exf5+ gxf5 28. Re1 Kf7 29. Rde2 h3 30. gxh3 Bxf3 31. Re3 Rxh3 32. Bg3 Be4 33. Rf1 Kg6 34. Rg1 Kh7 35. Nf2 Bxc2+ 36. Ka1 Rh5 0-1


[Site "https://www.chess.com"]

[Event "Titled Tuesday Blitz August 17 2021"]
[White "Trost, Edvin"]
[Black "Milosevic, Milos"]
[WhiteFideId "1729519"]
[BlackFideId "964875"]
[WhiteElo "2028"]
[BlackElo "2244"]
[Result "0-1"]
[Round "01"]
[TimeControl "180+1"]
[Date "2021.08.18"]
[WhiteClock "0:00:18"]
[BlackClock "0:00:07"]

1. d4 Nf6 2. Nf3 g6 3. Bg5 Bg7 4. Nbd2 d5 5. e3 O-O 6. Be2 c5 7. O-O Nc6 8. c4 cxd4 9. Nxd4 Nxd4 10. exd4 dxc4 11. Nxc4 Nd5 12. Re1 b5 13. Ne5 f6 14. Bf3 fxe5 15. dxe5 Be6 16. Rc1 Qd7 17. Qd2 Rad8 18. Qa5 Nb6 19. Bc6 Qd4 20. Bf3 Nc4 21. Qxb5 Nxe5 22. Be3 Nxf3+ 23. gxf3 Qf6 24. Rc6 Qf7 25. f4 Bd7 26. Qc4 Bxc6 27. Qxc6 Qd5 28. Qa6 Rf6 29. Qxa7 Re6 30. Rf1 Rf8 31. Qc7 g5 32. f5 Be5 33. Qc2 Rh6 34. f3 Bxh2+ 35. Kg2 Bf4 36. Bxf4 gxf4 37. Kf2 Qxf5 38. Qxf5 Rxf5 39. b4 Rg6 40. Rb1 Rfg5 41. Ke2 Rg2+ 42. Kd3 Re6 43. a4 Re3+ 44. Kc4 Rxf3 45. a5 Re3 46. Ra1 f3 47. a6 Rc2+ 48. Kd4 Re6 49. a7 Rc8 50. a8=Q Rxa8 51. Rxa8+ Kg7 52. Ra3 f2 53. Rg3+ Kf7 54. Rf3+ Rf6 55. Rxf6+ exf6 56. Kc5 f1=Q 57. b5 h5 58. Kc6 h4 59. b6 h3 60. Kb7 Qf4 61. Ka7 h2 62. Ka8 h1=Q+ 63. Ka7 Qa4+ 64. Kb8 Qaa8+ 65. Kc7 Qab7+ 66. Kd8 Qhd5# 0-1


[Site "https://www.chess.com"]

[Event "Titled Tuesday Blitz August 17 2021"]
[White "Tsaruk, Maksim"]
[Black "McBryde, Lamel"]
[WhiteFideId "13511173"]
[BlackFideId "2058596"]
[WhiteElo "2184"]
[BlackElo "2136"]
[Result "1-0"]
[Round "01"]
[TimeControl "180+1"]
[Date "2021.08.17"]
[WhiteClock "0:01:12"]
[BlackClock "0:00:06"]

1. d4 Nf6 2. c4 e6 3. Nf3 d5 4. Nc3 Be7 5. g3 O-O 6. Bg2 Nbd7 7. O-O c5 8. cxd5 exd5 9. Bf4 a6 10. Ne5 b5 11. Nxd5 Nxd5 12. Bxd5 Nxe5 13. Bxa8 Ng6 14. dxc5 Nxf4 15. gxf4 Qc7 16. e3 Qxc5 17. Bg2 Rd8 18. Qc1 Qf5 19. Rd1 Re8 20. Qc6 Rf8 21. Rac1 Bh4 22. Rd5 Qg4 23. h3 Qe2 24. Qxc8 Bxf2+ 25. Kh1 Bxe3 26. Re5 Qf2 27. Qxf8+ Kxf8 28. Rc8# 1-0


[Site "https://www.chess.com"]